 Dungeon Crawl Stone Soup version 0.29.1-15-g9cfb28693d (webtiles) character file.

Game seed: 13605608583788165455

30489 melkoren the Severer (level 13, -2/119 HPs)
             Began as a Yellow Draconian Berserker on Feb 26, 2023.
             Was a Priest of Trog.
             Slain by a deep troll shaman (8 damage)
             ... on level 5 of the Lair of Beasts.
             The game lasted 00:44:39 (25802 turns).

melkoren the Severer (Yellow Draconian Berserker)  Turns: 25802, Time: 00:44:48

Health: -2/119     AC: 16    Str: 17    XL:     13   Next: 20%
Magic:  13/13      EV: 21    Int:  9    God:    Trog [***...]
Gold:   1012       SH:  0    Dex: 13    Spells: 12/12 levels left

rFire   + . .      SeeInvis +   p - +0 battleaxe (flame)
rCold   . . .      Faith    .   (shield currently unavailable)
rNeg    . . .      Spirit   .   (body armour unavailable)
rPois   .          Reflect  .   N - +2 hat
rElec   .          Harm     .   e - +2 cloak
rCorr   +          Rampage  .   u - +1 pair of gloves
Will    +....                   n - +0 pair of boots
Stlth   +.........              (no amulet)
HPRegen 0.29/turn               f - ring of protection from fire
MPRegen 0.13/turn               H - ring "Giphy" {Will+ EV+4 Str-2 SInv}

@: on berserk cooldown, invisible
A: spit acid, AC +8, unfitting armour, cold-blooded, acid resistance, clumsy 1
a: Breathe Acid, Renounce Religion, Berserk, Trog's Hand


You were on level 5 of the Lair of Beasts.
You worshipped Trog.
Trog was most pleased with you.
You visited 2 branches of the dungeon, and saw 15 of its levels.

You collected 1012 gold pieces.

Inventory:

Hand Weapons
 a - a +1 hand axe
 g - a +0 whip of distortion
 j - a +4 dagger
 k - a +1 war axe
 p - a +0 battleaxe of flaming (weapon)
 L - a +1 double sword of electrocution
Missiles
 o - 14 poisoned darts (quivered)
Armour
 e - a +2 cloak (worn)
 n - a +0 pair of boots (worn)
 u - a +1 pair of gloves (worn)
 y - a +0 hat
 D - a +0 kite shield
 N - a +2 hat (worn)
Jewellery
 f - a ring of protection from fire (left hand)
 x - a ring of see invisible
 C - a ring of willpower
 E - a ring of willpower
 G - a +6 ring of dexterity
 H - the ring "Giphy" (right hand) {Will+ EV+4 Str-2 SInv}
   (You found it on level 1 of the Lair of Beasts)

   [ring of evasion]

   EV:        It affects your evasion (+4).
   Str:       It affects your strength (-2).
   SInv:      It lets you see invisible.
   Will:      It increases your willpower.
 I - a ring of fire
 M - a ring of poison resistance
 O - a +6 ring of dexterity
Wands
 r - a wand of acid (12)
 t - a wand of paralysis (17)
 w - a wand of flame (25)
 A - a wand of iceblast (23)
 J - a wand of digging (13)
 Q - a wand of mindburst (4)
Scrolls
 c - a scroll of summoning
 d - 4 scrolls of teleportation
 m - 3 scrolls of immolation
 v - a scroll of identify
 B - 2 scrolls of enchant weapon
 K - 2 scrolls of brand weapon
Potions
 b - a potion of magic
 h - 2 potions of berserk rage
 i - 3 potions of might
 l - 2 potions of flight
 q - 6 potions of curing
 s - 2 potions of cancellation
 z - a potion of invisibility
 F - a potion of resistance


   Skills:
 + Level 12.9 Fighting
 * Level 16.2 Axes
 + Level 10.9 Dodging


You had 12 spell levels left.
You didn't know any spells.
Your spell library was empty.

Dungeon Overview and Level Annotations

Branches:
Dungeon (10/15)            Temple (0/1) D:7            Lair (5/5) D:8
  Swamp (0/4) Lair:3       Spider (0/4) Lair:3        Slime (0/5) Lair:4
    Orc (0/2) D:9

Altars:
Ashenzari
Trog
Uskayaw
Jiyva

Shops:
D:1 :   D:9 (

Annotations:
D:5 gdog's ghost, weakling GnDe
D:8 2 transporters, Maggie; hawla's ghost, novice MeFE
Lair:1 exclusion: 2 oklob plants


Innate Abilities, Weirdness & Mutations

You can spit globs of acid.
Your golden yellow scales are hard. (AC +8)
You cannot fit into any form of body armour.
You are cold-blooded and may be slowed by cold attacks.
You are resistant to acid. (rCorr)
You are clumsy. (Dex -2)


Message History

The deep troll shaman closely misses you.
The dire elephant closely misses you. The dire elephant trunk-slaps you.
* * * LOW HITPOINT WARNING * * *
You hit the deep troll shaman. You burn the deep troll shaman.
The deep troll shaman is almost dead.
You catch the helpless dire elephant completely off-guard!
You slash the dire elephant! You burn the dire elephant.
The deep troll shaman bites you but does no damage.
The deep troll shaman closely misses you.
The deep troll shaman barely misses you.
The dire elephant closely misses you. x2
You closely miss the deep troll shaman.
The deep troll shaman is almost dead.
You catch the helpless dire elephant completely off-guard!
You slice the dire elephant!! You burn the dire elephant.
You kill the dire elephant!
Trog accepts your kill.
The deep troll shaman completely misses you.
The deep troll shaman misses you. The deep troll shaman claws you.
* * * LOW HITPOINT WARNING * * *
You barely miss the deep troll shaman.
The deep troll shaman is almost dead.
The deep troll shaman misses you.
The deep troll shaman completely misses you.
The deep troll shaman claws you but does no damage.
The deep troll shaman attacks as you move away!
The deep troll shaman closely misses you.
The deep troll shaman misses you.
The deep troll shaman completely misses you.
You barely miss the deep troll shaman.
Your tail-slap misses the deep troll shaman.
The deep troll shaman is almost dead.
The wolf misses you.
You hit the deep troll shaman but do no damage.
The deep troll shaman is almost dead.
You hit the wolf but do no damage. The wolf bites you but does no damage.
The deep troll shaman bites you!
* * * LOW HITPOINT WARNING * * *
The deep troll shaman claws you!
You die...

## #.##
##...########
#....††..T@.###
#.....##.h....##
##...÷.##......##
#.#÷...###....P#
#..#.T....###...##
#..
#.....÷..#....##
#..
....#..8.##....##
#.h
#...###....#.....#
#..## #.8.#P....#


You could see a deep troll shaman and a wolf.

Vanquished Creatures
  Gastronok (D:10)
  A dire elephant (Lair:5)
  2 hydras
  A catoblepas (Lair:5)
  6 death yaks (Lair:5)
  Urug (Lair:2)
  A lindwurm (Lair:4)
  10 elephants (Lair:5)
  3 black mambas
  9 cane toads
  2 rime drakes (Lair:3)
  6 komodo dragons
  2 polar bears
  A hornet (Lair:1)
  Grinder (D:3)
  20 blink frogs
  The ghost of Loveship the Conjurer, an amateur DsCj (D:4)
  17 yaks
  3 wyverns
  3 basilisks
  2 steam dragons
  Menkaure (D:7)
  10 water moccasins
  A black bear (Lair:5)
  5 orc warriors
  2 sky beasts (D:6)
  An ice beast (D:6)
  5 wolves
  3 ogres
  A phantom (D:7)
  Blork the orc (D:4)
  12 bullfrogs
  A necrophage (D:4)
  4 scorpions
  5 wights (D:7)
  2 howler monkeys (D:8)
  2 hounds (D:5)
  7 orc priests
  2 gnoll boudas
  2 jellies
  2 iguanas
  4 orc wizards
  8 hell rats
  19 gnolls
  11 adders
  8 river rats (Lair:5)
  A shadow imp (D:5)
  A white imp (D:6)
  2 worms
  A dart slug (D:1)
  42 orcs
  3 bats
  5 endoplasms
  16 goblins
  4 hobgoblins
  5 jackals
  5 ball pythons
  2 frilled lizards
  4 kobolds
  6 rats
  2 bushes (Lair:5)
311 creatures vanquished.

Vanquished Creatures (others)
  2 bushes (D:8)
  32 fungi
  62 plants
96 creatures vanquished.

Grand Total: 407 creatures vanquished

Notes
Turn   | Place    | Note
-------+----------+-------------------------------------------
     0 | D:1      | melkoren the Draconian Berserker began the quest for the
                  | Orb.
     0 | D:1      | Reached XP level 1. HP: 19/19 MP: 1/1
   281 | D:1      | Found Zistry's Book Boutique.
   323 | D:1      | Reached XP level 2. HP: 26/26 MP: 2/2
  1217 | D:2      | Reached XP level 3. HP: 17/33 MP: 3/3
  1751 | D:2      | Reached ** piety under Trog
  1758 | D:2      | Reached skill level 4 in Axes
  1798 | D:2      | Found a faded altar of an unknown god.
  1939 | D:2      | Reached XP level 4. HP: 40/40 MP: 4/4
  2949 | D:3      | Noticed Grinder
  2955 | D:3      | Killed Grinder
  2956 | D:3      | Reached skill level 5 in Axes
  2956 | D:3      | Reached XP level 5. HP: 47/47 MP: 5/5
  2956 | D:3      | Reached XP level 6. HP: 55/55 MP: 6/6
  3315 | D:3      | Identified the +3 plate armour of Hoacum {Int+4}
  3403 | D:3      | Gained mutation: You are clumsy. (Dex -2) [potion of
                  | mutation]
  3543 | D:4      | Found a runed translucent door.
  3554 | D:4      | Noticed Loveship's ghost (amateur DsCj)
  3812 | D:4      | Reached skill level 5 in Fighting
  4109 | D:4      | Noticed Blork the orc
  4120 | D:4      | Killed Blork the orc
  4121 | D:4      | Reached skill level 6 in Axes
  4121 | D:4      | Your scales start taking on a golden yellow colour.
  4121 | D:4      | Reached XP level 7. HP: 61/61 MP: 7/7
  4121 | D:4      | Gained mutation: You are resistant to acid. (rCorr) [Yellow
                  | Draconian growth]
  4299 | D:4      | Killed Loveship's ghost
  4396 | D:5      | Entered Level 5 of the Dungeon
  4884 | D:5      | Noticed a +0 spear
  4885 | D:5      | Noticed a +0 spear
  4885 | D:5      | Noticed a +0 falchion
  4885 | D:5      | Noticed a +0 dagger
  4886 | D:5      | Noticed a +0 falchion
  4887 | D:5      | Noticed a +0 short sword
  4891 | D:5      | Noticed gdog's ghost (weakling GnDe)
  4908 | D:5      | Reached skill level 7 in Axes
  4946 | D:5      | Noticed a +0 short sword
  4947 | D:5      | Noticed a +0 dagger
  4961 | D:5      | Reached skill level 5 in Dodging
  4961 | D:5      | Reached XP level 8. HP: 66/70 MP: 8/8
  4963 | D:5      | Found a hide-covered altar of Uskayaw.
  5085 | D:5      | Identified the +7 trident "Ladoc" {chaos, rC+}
  5085 | D:5      | Identified the +0 kite shield "Defuam" {Will+}
  5257 | D:5      | Found a transporter.
  5259 | D:5      | Found a transporter.
  6406 | D:6      | Reached skill level 8 in Axes
  9166 | D:7      | Noticed Menkaure
  9174 | D:7      | Killed Menkaure
  9460 | D:7      | Reached skill level 9 in Axes
  9460 | D:7      | Reached XP level 9. HP: 46/79 MP: 9/9
 10132 | D:7      | Found a staircase to the Ecumenical Temple.
 10220 | D:7      | Found a broken altar of Ashenzari.
 11891 | D:8      | Reached skill level 10 in Axes
 12875 | D:8      | Reached XP level 10. HP: 90/90 MP: 10/10
 12880 | D:8      | Reached *** piety under Trog
 13242 | D:8      | Found a staircase to the Lair.
 13260 | D:8      | Noticed a moth of wrath
 13260 | D:8      | Noticed hawla's ghost (novice MeFE)
 13263 | D:8      | Found a bloodstained altar of Trog.
 13299 | D:8      | You fall into a shaft and drop 2 floors!
 13299 | D:10     | Entered Level 10 of the Dungeon
 13301 | D:10     | Noticed Gastronok
 13325 | D:10     | Killed Gastronok
 13326 | D:10     | Reached skill level 11 in Axes
 14243 | D:9      | Found Mugeaxua's Weapon Boutique.
 14257 | D:9      | Found a staircase to the Orcish Mines.
 14698 | D:8      | Noticed Maggie
 15880 | D:8      | Found a transporter.
 15881 | D:8      | Found a transporter.
 16319 | Lair:1   | Entered Level 1 of the Lair of Beasts
 16346 | Lair:1   | Identified the ring "Giphy" {Will+ EV+4 Str-2 SInv}
 16512 | Lair:1   | Paralysed by a hornet for 2 turns
 16515 | Lair:1   | Reached skill level 12 in Axes
 16889 | Lair:1   | Noticed a cane toad
 16897 | Lair:1   | Killed a cane toad
 17434 | Lair:1   | Noticed an oklob plant
 17777 | Lair:1   | Noticed an oklob plant
 17805 | Lair:2   | Reached XP level 11. HP: 88/99 MP: 11/11
 17818 | Lair:2   | Reached skill level 10 in Fighting
 19018 | Lair:2   | Noticed Urug
 19038 | Lair:2   | Killed Urug
 19039 | Lair:2   | Reached skill level 13 in Axes
 19585 | Lair:3   | Reached **** piety under Trog
 19893 | Lair:3   | Found a hole to the Spider Nest.
 19893 | Lair:3   | Noticed an orb spider
 20023 | Lair:3   | Found a staircase to the Swamp.
 20990 | Lair:3   | Noticed a five-headed hydra
 21004 | Lair:3   | Killed a three-headed hydra
 21005 | Lair:3   | Reached skill level 14 in Axes
 22205 | Lair:4   | Reached XP level 12. HP: 110/110 MP: 12/12
 22595 | Lair:4   | Found a staircase to the Slime Pits.
 22595 | Lair:4   | Found a viscous altar of Jiyva.
 23205 | Lair:5   | Entered Level 5 of the Lair of Beasts
 23205 | Lair:5   | Noticed a four-headed hydra
 23226 | Lair:5   | Killed a one-headed hydra
 23264 | Lair:5   | Reached skill level 10 in Dodging
 23276 | Lair:5   | Reached skill level 15 in Axes
 23296 | Lair:5   | HP: 5/112 [black bear (2)]
 25069 | Lair:5   | Noticed a death yak
 25083 | Lair:5   | Killed a death yak
 25093 | Lair:5   | Noticed a catoblepas
 25099 | Lair:5   | Noticed a death yak
 25120 | Lair:5   | Killed a catoblepas
 25121 | Lair:5   | Reached XP level 13. HP: 18/119 MP: 13/13
 25123 | Lair:5   | HP: 2/119 [spore (10)]
 25757 | Lair:5   | Reached skill level 16 in Axes
 25771 | Lair:5   | Noticed a dire elephant
 25796 | Lair:5   | Killed a dire elephant
 25802 | Lair:5   | Slain by a deep troll shaman

Illustrated notes

Levels and vault maps discovered:
D:1:      reono_arrival_forest_river, layout_basic, serial_shops, shop
D:2:      layout_loops_cross, hellmonk_ecumenical_altar_arch_garden,
          minmay_misc_feat_encased
D:3:      layout_basic, uniq_grinder
D:4:      layout_loops_ring, ebering_ghost_inner_flame, uniq_blork_the_orc
D:5:      layout_basic, nicolae_uskayaw_en_pointe, gammafunk_ghost_gnarly_gnolls
D:6:      hellmonk_destroyed_diamonds, layout_basic, kennysheep_cross_room
D:7:      layout_basic, mainiacjoe_overflow_catwalk, minmay_temple_entry_mist,
          uniq_menkaure
D:8:      layout_layer_cave, minmay_lair_entry_grove, special_room
          [special_room_orc], gammafunk_ghost_wrathful_warriors, uniq_maggie
D:9:      layout_cave_pools, nicolae_overflow_two_pavilions, orc_david_3
D:10:     layout_cave_pools, serial_shops, shop_fountains,
          nicolae_shop_waterfront, kennysheep_little_box, disabler_island,
          uniq_erolcha, uniq_gastronok, uniq_erica, uniq_amaemon
Lair:1:   minmay_lair_oklob_chamber, layout_gridlike
Lair:2:   layout_concentric_octagons, infiniplex_staircase_pool_2,
          lemuel_fruit_tree, grunt_megastairs_2, uniq_urug
Lair:3:   layout_regular_city, minmay_swamp_entry_eels,
          nicolae_spider_entry_orb_guardian
Lair:4:   layout_loops_ring, slime_entry_1, lemuel_fruit_fields,
          lemuel_fruit_fields
Lair:5:   grunt_lair_end_beastmaster, layout_small_grid, kennysheep_rathole

Skill      XL: |  1  2  3  4  5  6  7  8  9 10 11 12 13 |
---------------+----------------------------------------+-----
Dodging        | 3 4 5 6 7 8 9 10 | 10.9
Axes           | 4 5 6 7 9 10 12 14 15 16 | 16.2
Fighting       | 4 5 6 7 8 9 11 12 | 12.9

Action                   |  1- 3 |  4- 6 |  7- 9 | 10-12 | 13-15 || total
-------------------------+-------+-------+-------+-------+-------++-------
Melee: Hand axe          |   106 |    98 |       |       |       ||   204
       Tailslap          |     9 |    13 |    56 |    91 |     8 ||   177
       Punch             |     1 |     3 |       |       |       ||     4
       War axe           |       |       |   214 |       |       ||   214
       Battleaxe         |       |       |    83 |   559 |    38 ||   680
Invok: Berserk           |     1 |     4 |    10 |    14 |     1 ||    30
       Trog's Hand       |       |       |       |     2 |       ||     2
       Brothers in Arms  |       |       |       |     1 |       ||     1
 Abil: Breathe Acid      |       |       |       |     1 |       ||     1
  Use: Scroll            |     3 |     5 |     9 |    16 |       ||    33
       Potion            |     2 |     4 |     1 |     6 |     1 ||    14
 Stab: Sleeping          |     1 |     1 |     3 |       |       ||     5
       Invisible         |       |       |       |       |     3 ||     3
Armor: Skin              |    28 |    26 |    83 |   184 |    20 ||   341
Dodge: Dodged            |    71 |    57 |   215 |   620 |    75 ||  1038
Block: Kite shield       |       |       |    28 |       |       ||    28
